 Dungeon Crawl Stone Soup version 0.20.1-1-g8b1a95d (webtiles) character file.

228 Grimoiregrey the Covered (level 6, -1/47 HPs)
             Began as a Human Fighter on Jan 18, 2018.
             Killed from afar by an orc wizard (9 damage)
             ... with a puff of frost
             ... on level 4 of the Dungeon.
             The game lasted 00:18:40 (2420 turns).

Grimoiregrey the Covered (Human Fighter)            Turns: 2420, Time: 00:18:40

Health: -1/47      AC: 10    Str: 23    XL:     6   Next: 22%
Magic:  6/6        EV:  8    Int: 12    God:
Gold:   122        SH: 10    Dex: 17    Spells: 5/5 levels left

rFire    . . .     SeeInvis .   a - +3 long sword
rCold    . . .     Gourm    .   c - +0 shield
rNeg     . . .     Faith    .   b - +0 scale mail
rPois    .         Spirit   .   (no helmet)
rElec    .         Reflect  .   (no cloak)
rCorr    .         Harm     .   n - +2 pair of gloves
MR       .....                  (no boots)
Stlth    ..........             v - amulet of regeneration
Regen    0.6/turn               e - +4 ring of dexterity
MPRegen  0.1/turn               g - +4 ring of intelligence

@: mighty
A: no striking features
a: no special abilities


You were on level 4 of the Dungeon.
You were full.

You visited 1 branch of the dungeon, and saw 4 of its levels.

You collected 122 gold pieces.

Inventory:

Hand Weapons
 a - a +3 long sword (weapon)
 p - a +0 rapier
Missiles
 r - 2 throwing nets (quivered)
 w - 19 poisoned needles
Armour
 b - a +0 scale mail (worn)
 c - a +0 shield (worn)
 h - a +0 pair of gloves
 n - a +2 pair of gloves (worn)
 s - a +1 pair of gloves
Jewellery
 e - a +4 ring of dexterity (left hand)
 g - a +4 ring of intelligence (right hand)
 v - an amulet of regeneration (around neck)
Scrolls
 l - 2 scrolls of identify
 o - 5 scrolls of remove curse
 y - a scroll of noise
 B - a scroll of random uselessness {unknown}
Potions
 d - a potion of might
 i - 5 potions of haste
 j - 2 potions of flight {unknown}
 k - 4 potions of curing {unknown}
 m - 2 potions of mutation {unknown}
 q - a potion of ambrosia {unknown}
 t - 2 potions of resistance {unknown}
 u - 2 potions of berserk rage {unknown}
 A - a potion of lignification {unknown}
Comestibles
 z - a bread ration


   Skills:
 + Level 3.6 Fighting
 + Level 3.9 Long Blades
 + Level 4.1 Armour
 + Level 1.3 Dodging
 + Level 0.2 Stealth
 + Level 3.7 Shields


You had 5 spell levels left.
You didn't know any spells.

Dungeon Overview and Level Annotations

Branches:
Dungeon (4/15)
 Temple: D:4-7

Altars:
Ashenzari

Annotations:
D:4 Edmund


Message History

Dscm's ghost is almost destroyed.
You block dscm's ghost's attack.
You slash dscm's ghost!
You destroy dscm's ghost!
You have reached level 6!
Your experience leads to an increase in your attributes!
Your base attributes are Str 18, Int 8, Dex 12.
Increase (S)trength, (I)ntelligence, or (D)exterity?
You feel agile.
You barely miss the orc priest. The orc priest barely misses you.
You riposte.
You barely miss the orc priest.
You hear some strange, mumbled words.
A magic dart appears from out of thin air!
The magic dart hits you!
* * * LOW HITPOINT WARNING * * *
You slash something!
You hear some strange, mumbled words.
A puff of frost appears from out of thin air!
The puff of frost hits you!
You die...

#.#.## #..# *,,*,
#....#####.####...,
#######......(.........,
*#.........#####....#...*
*.............#####.#,*,*
*##########{[..#,,,,...*,,
*.....,* #.####,,,,,###*,
*......####{####,,,,,*,**,
*........@{o...#,,,,,*,**,
*......####..###,,,,,*,,,,
*##.##** ##...#,,,,,*,,,,
*,,* *##.#,,,,,*,,** *,**
***,.#*******,,, *,*
******,,,*.**,,* ***, *,*
*,,,,,,***..,,,* *,
*,***,********,.#*,* **
*,**,,* **,,,,,*,** *


You could see an orc priest.

Vanquished Creatures
  A phantom (D:4)
  The ghost of dscm the Skirmisher, a weakling DsFi (D:4)
  3 adders
  An ooze (D:3)
  A worm (D:2)
  A dart slug (D:3)
  4 leopard geckos
  2 giant cockroaches
  4 goblins
  10 hobgoblins
  6 jackals (D:1)
  2 quokkas (D:3)
  4 bats
  6 frilled lizards
  10 kobolds
  10 rats
66 creatures vanquished.

Notes
Turn   | Place    | Note
-------+----------+-------------------------------------------
     0 | D:1      | Grimoiregrey the Human Fighter began the quest for the Orb.
     0 | D:1      | Reached XP level 1. HP: 18/18 MP: 1/1
   158 | D:1      | Reached XP level 2. HP: 22/24 MP: 2/2
   359 | D:1      | Reached XP level 3. HP: 26/29 MP: 3/3
   707 | D:2      | Reached XP level 4. HP: 35/35 MP: 4/4
  1280 | D:2      | Found a faded altar of an unknown god.
  1909 | D:3      | Reached XP level 5. HP: 41/41 MP: 5/5
  2268 | D:4      | Noticed a phantom
  2301 | D:4      | Killed a phantom
  2301 | D:4      | Reached skill level 4 in Armour
  2301 | D:4      | Reached skill level 1 in Dodging
  2329 | D:4      | Found a shattered altar of Ashenzari.
  2400 | D:4      | Noticed dscm's ghost (weakling DsFi)
  2402 | D:4      | Noticed Edmund
  2416 | D:4      | Killed dscm's ghost
  2416 | D:4      | Reached XP level 6. HP: 12/47 MP: 6/6
  2420 | D:4      | Killed from afar by an orc wizard

Skill      XL: |  1  2  3  4  5 |
---------------+----------------+-----
Long Blades    | 3 |  3.9
Armour         | 4 |  4.1
Dodging        | 1 |  1.3
Fighting       | |  3.6
Stealth        | |  0.2
Shields        | |  3.7

Action                   |  1- 3 |  4- 6 || total
-------------------------+-------+-------++-------
Melee: Long sword        |    83 |    99 ||   182
  Use: Scroll            |     6 |     8 ||    14
       Potion            |       |     1 ||     1
  Eat: Bread ration      |       |     1 ||     1
       Meat ration       |       |     1 ||     1
Armor: Scale mail        |    42 |    41 ||    83
Dodge: Dodged            |    28 |    27 ||    55
Block: Shield            |    58 |    47 ||   105
       Rpst.: Long sword |     9 |     8 ||    17
